 Dungeon Crawl Stone Soup version 0.19-a0-1384-gbb462ca (webtiles) character file.

35 Leszczynek the Shooter (level 3, -2/23 HPs)
             Began as a High Elf Arcane Marksman on Sept 3, 2016.
             Slain by an orc
             ... wielding a +0 hand axe
              (7 damage)
             ... on level 3 of the Dungeon.
             The game lasted 00:05:42 (870 turns).

Leszczynek the Shooter (High Elf Arcane Marksman)    Turns: 870, Time: 00:05:43

Health: -2/23      AC:  3    Str: 15    XL:     3   Next: 16%
Magic:  10/14      EV: 12    Int: 17    God:
Gold:   33         SH:  0    Dex: 14    Spells: 2 memorised, 1 level left

rFire  . . .     SeeInvis .     a - +0 shortbow
rCold  . . .     Gourm    .     p - +0 leather armour
rNeg   . . .     Faith    .     (shield currently unavailable)
rPois  .         Spirit   .     (no helmet)
rElec  .         Dismiss  .     (no cloak)
rCorr  .         Reflect  .     (no gloves)
MR     .....     Harm     .     (no boots)
Stlth  +.........               (no amulet)
                                l - ring of magical power
                                i - +4 ring of strength

@: very slightly contaminated
A: no striking features
a: no special abilities


You were on level 3 of the Dungeon.
You were hungry.

You visited 1 branch of the dungeon, and saw 3 of its levels.

You collected 33 gold pieces.

Inventory:

Hand Weapons
 a - a +0 shortbow (weapon)
 b - a +0 short sword
Missiles
 f - 65 arrows (quivered)
 k - a throwing net
Armour
 p - a +0 leather armour (worn)
Jewellery
 i - a +4 ring of strength (left hand)
 l - a ring of magical power (right hand)
Scrolls
 e - a scroll of recharging {unknown}
 g - a scroll of noise {unknown}
 j - 2 scrolls of identify {unknown}
 o - a scroll of teleportation {unknown}
Potions
 h - 2 potions of curing {unknown}
 m - a potion of brilliance {unknown}
Books
 c - a book of Debilitation

   Spells                             Type                      Level
   a - Corona                         Hexes                        1
   b - Slow                           Hexes                        2
   c - Gell's Gravitas                Hexes/Translocation          3
   d - Inner Flame                    Hexes/Fire                   3
   e - Cause Fear                     Hexes                        4
   f - Leda's Liquefaction            Hexes/Earth                  4
Comestibles
 d - a bread ration
 n - 2 chunks of flesh


   Skills:
 - Level 1.0 Fighting
 + Level 4.9 Bows
 - Level 2.1 Dodging
 - Level 1.2 Spellcasting
 - Level 3.0 Hexes


You had one spell level left.
You knew the following spells:

 Your Spells              Type           Power        Failure   Level  Hunger
a - Corona                Hex            ##.....      10%         1    ##.....
b - Slow                  Hex            ##......     14%         2    ###....


Dungeon Overview and Level Annotations

Branches:
Dungeon (3/15)

Altars:

Annotations:
D:2 Sigmund


Message History

a mace; a ring mail; a club; 3 arrows; an orc corpse
Casting: Corona
Confirm with . or Enter, or press ? or * to list all spells.
Aiming: Slow
Press: ? - help, Shift-Dir - straight line, f - orc
Aim: an orc, wielding a hand axe (chance to defeat MR: 82%)
You miscast Slow.
You are very lightly contaminated with residual magic.
Strange energies run through your body. The orc hits you with a hand axe.
* * * LOW HITPOINT WARNING * * *
Unknown command.
Casting: Slow
Confirm with . or Enter, or press ? or * to list all spells.
Aiming: Slow
Press: ? - help, Shift-Dir - straight line, f/p - orc
Aim: an orc, wielding a hand axe (chance to defeat MR: 82%)
You miscast Slow.
Nothing appears to happen.
You are feeling hungry.
The orc hits you with a hand axe!
You die...

........# #.# .#.#..
#######.#### #.#
...... #....# #.#
....<.# ####.# #<#
.o#....###########.#
###
..o.......K....K...#
o........#g# ####
.........#o# #
#<.#@# #..#.#(#
##.#.#.# #..<..#
##.#..# .........
......#(##.#
........... ..
(........#.# ##


You could see an orc, a goblin and a kobold.

Vanquished Creatures
  An adder (D:2)
  A dart slug (D:2)
  2 orcs (D:3)
  A ball python (D:2)
  3 bats (D:2)
  A giant cockroach (D:2)
  A goblin (D:1)
  A hobgoblin (D:1)
  2 quokkas (D:2)
  A giant newt (D:2)
  4 kobolds
  2 rats
20 creatures vanquished.

Notes
Turn   | Place    | Note
-------+----------+-------------------------------------------
     0 | D:1      | Leszczynek the High Elf Arcane Marksman began the quest for the Orb.
     0 | D:1      | Reached XP level 1. HP: 13/13 MP: 3/3
   163 | D:1      | Reached skill level 3 in Bows
   376 | D:2      | Reached XP level 2. HP: 18/18 MP: 4/4
   391 | D:2      | Learned a level 2 spell: Slow
   520 | D:2      | Reached skill level 4 in Bows
   700 | D:2      | Reached XP level 3. HP: 18/23 MP: 5/5
   773 | D:2      | Noticed Sigmund
   870 | D:3      | Slain by an orc

Vault maps used:
D:1:      evilmike_arrival_hilbert_curve
D:2:      tgw_trog, first_bread, uniq_sigmund
D:3:      nicolae_underground_beach

Skill      XL: |  1  2 |
---------------+-------+-----
Bows           | 3 4 |  4.9
Fighting       | |  1.0
Dodging        | |  2.1
Spellcasting   | |  1.2
Hexes          | |  3.0

Action                   || total
-------------------------++-------
Melee: Dagger            ||    16
       Short sword       ||     6
 Fire: Shortbow          ||    43
 Cast: Corona            ||     6
Armor: Leather armour    ||    12
       Robe              ||     1
Dodge: Dodged            ||    22
